 Dungeon Crawl Stone Soup version 0.22-a0-414-gacd343e8ff (webtiles) character file.

310 Manul the Covert (level 6, -7/41 HPs)
             Began as an Octopode Assassin on May 13, 2018.
             Mangled by Natasha (9 damage)
             ... on level 3 of the Dungeon.
             The game lasted 00:02:59 (2581 turns).

Manul the Covert (Octopode Assassin)                Turns: 2581, Time: 00:03:00

Health: -7/41      AC:  1    Str: 15    XL:     6   Next: 41%
Magic:  6/6        EV: 14    Int: 13    God:
Gold:   121        SH:  0    Dex: 16    Spells: 5/5 levels left

rFire    . . .     SeeInvis .   a - +2 dagger
rCold    + . .     Gourm    .   (no shield)
rNeg     . . .     Faith    .   (helmet restricted)
rPois    .         Spirit   .   (no amulet)
rElec    .         Reflect  .   p - ring of protection from cold
rCorr    .         Harm     .   (no ring)
MR       .....                  (no ring)
Stlth    +++++.....             (no ring)
HPRegen  0.13/turn              (no ring)
MPRegen  0.10/turn              (no ring)
                                (no ring)
                                (no ring)

@: mighty
A: almost no armour, stealthy swim, amphibious, 8 rings, constrict 8, camouflage
1, gelatinous body 1
a: no special abilities


You were on level 3 of the Dungeon.
You were not hungry.

You visited 1 branch of the dungeon, and saw 3 of its levels.

You collected 121 gold pieces.

Inventory:

Hand Weapons
 a - a +2 dagger (weapon)
 b - a +0 blowgun
 o - a +0 scythe
Missiles
 c - 21 poisoned needles
 d - 2 curare-tipped needles
Jewellery
 p - a ring of protection from cold (left tentacle)
 q - an uncursed ring of stealth {unknown}
Scrolls
 e - a scroll of blinking {unknown}
 g - 3 scrolls of identify {unknown}
 i - 2 scrolls of teleportation {unknown}
 j - 3 scrolls of fog {unknown}
 k - 2 scrolls of remove curse {unknown}
 l - a scroll of immolation {unknown}
 m - a scroll of random uselessness {unknown}
 n - 2 scrolls of enchant weapon {unknown}
 s - a scroll of amnesia {unknown}
Potions
 h - 2 potions of might
 r - a potion of degeneration {unknown}
 t - a potion of brilliance {unknown}
Comestibles
 f - 9 rations
 u - 2 chunks of flesh


   Skills:
 + Level 2.7 Fighting
 + Level 3.7 Short Blades
 + Level 2.4 Throwing
 + Level 2.0 Dodging
 * Level 8.2 Stealth


You had 5 spell levels left.
You didn't know any spells.
Your spell library was empty.

Dungeon Overview and Level Annotations

Branches:
Dungeon (3/15)

Altars:
Okawaru

Annotations:
D:3 Natasha


Innate Abilities, Weirdness & Mutations

You cannot wear most types of armour.
You are very stealthy in the water. (Stealth+)
You are amphibious.
You can wear up to eight rings at the same time.
You can use your tentacles to constrict eight enemies at once.
Your skin changes colour to match your surroundings (Stealth+).
Your rubbery body absorbs attacks. (AC +1, EV +1)


Message History

Natasha is lightly wounded.
You feel very mighty all of a sudden. Natasha barely misses you.
You miss Natasha. Your grab misses Natasha.
Natasha is lightly wounded.
Natasha casts a spell.
You closely miss Natasha. Your grab misses Natasha.
Natasha is lightly wounded.
Natasha barely misses you.
You hit Natasha. Your grab misses Natasha.
Natasha is heavily wounded.
The crimson imp blinks!
Natasha misses you.
You completely miss Natasha. You grab Natasha.
Natasha is heavily wounded.
You constrict Natasha. Natasha claws you.
* * * LOW HITPOINT WARNING * * *
You barely miss Natasha.
Natasha is severely wounded.
You constrict Natasha. Natasha claws you!
You die...

###........##
#.....h.....#
#.##..#####.#
#..# #.# ##
##..# #.####
%..#...#
#..5.#
.#.h..##
####.#
.#.l.## #h##
.l...## #.@##
....... ##..#
....##.#
##....#
#......#
####.....
..#.# #...
..#.# #.
..#.########
..#.##......
...[....###


You could see Natasha and a crimson imp.

Vanquished Creatures
  Sigmund (D:2)
  Terence (D:2)
  Robin (D:2)
  2 adders
  5 oozes
  3 worms (D:3)
  4 leopard geckos
  3 orcs (D:3)
  2 giant cockroaches
  15 goblins
  12 hobgoblins
  4 jackals (D:1)
  A quokka (D:2)
  A ball python (D:3)
  6 bats (D:1)
  3 frilled lizards (D:1)
  4 kobolds
  7 rats
75 creatures vanquished.

Notes
Turn   | Place    | Note
-------+----------+-------------------------------------------
     0 | D:1      | Manul the Octopode Assassin began the quest for the Orb.
     0 | D:1      | Reached XP level 1. HP: 14/14 MP: 1/1
    56 | D:1      | Reached XP level 2. HP: 19/19 MP: 2/2
   188 | D:1      | Reached skill level 6 in Stealth
   235 | D:1      | Reached XP level 3. HP: 23/24 MP: 3/3
   704 | D:2      | Noticed Robin
  1442 | D:2      | Killed Robin
  1442 | D:2      | Reached XP level 4. HP: 29/29 MP: 4/4
  1509 | D:2      | Found an iron altar of Okawaru.
  1592 | D:2      | Noticed Sigmund
  1599 | D:2      | Killed Sigmund
  1599 | D:2      | Reached skill level 7 in Stealth
  1599 | D:2      | Reached XP level 5. HP: 35/35 MP: 5/5
  1599 | D:2      | Reached XP level 6. HP: 41/41 MP: 6/6
  1727 | D:2      | Noticed Terence
  1742 | D:2      | Killed Terence
  1742 | D:2      | Reached skill level 8 in Stealth
  2540 | D:3      | Noticed Natasha
  2580 | D:3      | HP: 2/41 [Natasha (6)]
  2581 | D:3      | Mangled by Natasha

Vault maps used:
D:1:      saegor_arrival_simple_e, st_stairs_6
D:2:      nicolae_overflow_crystal_walls, uniq_sigmund, uniq_terence, uniq_robin
D:3:      nemelex_altar_shiori, nicolae_overflow_hidden_temple,
          chequers_ecumenical_altar_island, uniq_natasha

Skill      XL: |  1  2  3  4  5  6 |
---------------+-------------------+-----
Stealth        | 6 7 8 |  8.2
Short Blades   | 3 |  3.7
Dodging        | 2 |  2.0
Fighting       | |  2.7
Throwing       | |  2.4

Action                   |  1- 3 |  4- 6 || total
-------------------------+-------+-------++-------
Melee: Dagger            |    83 |    81 ||   164
       Constrict         |    22 |    13 ||    35
       Tentacles         |    14 |    15 ||    29
  Use: Potion            |       |     3 ||     3
 Stab: Sleeping          |    10 |     8 ||    18
  Eat: Chunk             |     2 |     3 ||     5
Armor: Skin              |     5 |     1 ||     6
Dodge: Dodged            |    50 |    39 ||    89

Table legend:
 A = Spawn XP
 B = Non-spawn XP
 C = Spawn XP percentage of total XP
 D = Spawn monster count
 E = Non-spawn monster count
 F = Spawn count percentage of total count
 G = Total turns spent on level
                    A         B        C        D         E        F      G
               +---------+---------+-------+---------+---------+-------+---------
         Total |       0 |     444 |   0.0 |       0 |      75 |   0.0 |  2581
               +---------+---------+-------+---------+---------+-------+---------
           D:1 |       0 |      61 |   0.0 |       0 |      30 |   0.0 |  1190
           D:2 |       0 |     324 |   0.0 |       0 |      28 |   0.0 |  1185
           D:3 |       0 |      59 |   0.0 |       0 |      17 |   0.0 |   206
               +---------+---------+-------+---------+---------+-------+---------
